 Dungeon Crawl Stone Soup version 0.31.0-12-g77e489cdc1 (webtiles) character file.

Game seed: 10509815402753150266

32 lordive the Ruffian (level 3, 0/20 HPs)
             Began as a Troll Shapeshifter on Feb 29, 2024.
             Succumbed to Sigmund's poison
             ... on level 2 of the Dungeon.
             The game lasted 00:00:50 (656 turns).

lordive the Ruffian (Troll Shapeshifter)             Turns: 656, Time: 00:00:51

Health: 0/20       AC:  2    Str: 22    XL:     3   Next: 10%
Magic:  2/2        EV: 14    Int:  6    God:
Gold:   92         SH:  0    Dex: 11    Spells: 2/2 levels left

rFire   . .          .
                       - Unarmed
rCold   + . .        (shield currently unavailable)
rNeg    . . .        a - melded +0 animal skin
rPois   .            (helmet restricted)
rElec   .            (no cloak)
rCorr   .            (gloves unavailable)
SInv    .            (boots unavailable)
Will    .....        (no amulet)
Stlth   +            i - ring of protection from cold
HPRegen 1.03/turn    (no ring)
MPRegen 0.08/turn

%: no passive effects
@: lethally poisoned (0 -> -3), flux-form, glowing
A: glow, contaminating, reduced hp, large, unfitting armour, claws 3,
regeneration 1, shaggy fur 1, tough skin 1
a: Begin Untransformation


You were on level 2 of the Dungeon.
You were something dangerously unstable.
You visited 1 branch of the dungeon, and saw 2 of its levels.

You collected 92 gold pieces.

Inventory:

Armour
 a - a +0 animal skin (melded)
Jewellery
 i - a ring of protection from cold (left claw)
Talismans
 c - a beast talisman
 d - a flux talisman (active)
Scrolls
 e - a scroll of teleportation {unknown}
 f - a scroll of enchant armour {unknown}
 h - a scroll of amnesia {unknown}
 j - a scroll of fog {unknown}
Potions
 b - a potion of lignification
 g - a potion of magic {unknown}


   Skills:
 + Level 1.0 Fighting
 + Level 1.9 Dodging
 + Level 3.6 Unarmed Combat
 + Level 3.3 Shapeshifting


You had 2 spell levels left.
You didn't know any spells.
Your spell library was empty.

Dungeon Overview and Level Annotations

Branches:
Dungeon (2/15)

Altars:

Annotations:
D:2 Sigmund


Innate Abilities, Weirdness & Mutations

You are something dangerously unstable.
You glow with magical radiation, making you easy to see and hit.
Foes you strike become dangerously contaminated with magical radiation.
Your maximum health is decreased, since you lack skill for your form.
You are incapable of wielding weapons or throwing items.
You are too large for most types of armour.
You have claws for hands.
Your natural rate of healing is unusually fast.
You are covered in fur. (AC +1)
You have tough skin. (AC +1)


Message History

Found 4 gold pieces.
A bat is nearby!
A bat is nearby!
A bat is nearby!
You claw the bat!
You kill the bat!
No target in view!
No target in view!
No target in view!
No target in view!
You see here a bat corpse.
You now have 82 gold pieces (gained 4).
You now have 92 gold pieces (gained 10).
Sigmund and a hobgoblin come into view.
Sigmund is wielding a +0 scythe of venom and carrying a wand of flame.
Found an escape hatch in the floor.
Sigmund shouts!
The hobgoblin shouts!
There are monsters nearby!
There are monsters nearby!
There are monsters nearby!
Found a stone staircase leading up.
Sigmund mumbles some strange words.
Sigmund flickers and vanishes!
Deactivating autopickup; reactivate with Ctrl-A.
You completely miss the hobgoblin. The hobgoblin barely misses you.
You claw the hobgoblin!
You kill the hobgoblin!
A magic dart appears from out of thin air!
The magic dart hits you!
No target in view!
No target in view!
No target in view!
No target in view!
No target in view!
Something hits you!
Ouch! That really hurt!
* * * LOW HITPOINT WARNING * * *
You are lethally poisoned!
You see here a hobgoblin corpse.
You die...

######...# .........# ..
######...# .. # ##.##
##.## # #.# #...#
###.##### #...#
#####.......# #{..#
........###.####...#####
####....###....†p......#
..##....................
#.†......##...........<#
####........##.......###
. ...#......##.#...#.#
########.#####.#...#.# #
#####.# #.#.$.# #
..##..# #.##>##. #.##.##
#.. ...


There were no monsters in sight!

Vanquished Creatures
  A ball python (D:1)
  2 bats
  An endoplasm (D:1)
  3 giant cockroaches
  3 hobgoblins
  4 jackals (D:1)
  5 kobolds
  3 quokkas
  2 frilled lizards
  A goblin (D:1)
  2 rats (D:1)
27 creatures vanquished.

Notes
Turn   | Place    | Note
-------+----------+-------------------------------------------
     0 | D:1      | lordive the Troll Shapeshifter began the quest for the Orb.
     0 | D:1      | Reached XP level 1. HP: 18/18 MP: 0/0
    42 | D:1      | Reached skill level 1 in Fighting
    56 | D:1      | Reached XP level 2. HP: 16/27 MP: 1/1
   167 | D:1      | Found a faded altar of an unknown god.
   553 | D:2      | Reached XP level 3. HP: 20/33 MP: 2/2
   651 | D:2      | Noticed Sigmund
   656 | D:2      | Succumbed to Sigmund's poison

Illustrated notes

Levels and vault maps discovered:
D:1:      evilmike_arrival_plus, layout_rooms, ebering_ecumenical_altar_webs,
          st_stairs_14
D:2:      layout_loops_cross, basic_altar, uniq_sigmund

Skill      XL: |  1 |
---------------+----+-----
Fighting       | 1 |  1.0
Dodging        | |  1.9
Unarmed Combat | |  3.6
Shapeshifting  | |  3.3

Action                     || total
---------------------------++-------
  Melee: Unarmed           ||    55
 Armour: Skin              ||    17
  Dodge: Dodged            ||    31
   Form: Flux              ||     1
